APP
BRISTOL PIRATES @ JOHNSON CITY CARDINALS
10/28/2048
 
TOP OF THE 1ST
Albuquerque Isotopes batting - Pitching for Syracuse Chiefs : LHP Brian Walters
Pitching: LHP Brian Walters
Batting: RHB Ryan Taylor 0-0: Fly out, F7 (Flyball, 78M, EV 85.6 MPH)
Batting: RHB Rick O'Reilly 0-0: Foul Ball, location: 2F
0-1: Ball
1-1: Ball
2-1: Ball
3-1: Base on Balls
Batting: LHB Mike Staley 0-0: Called Strike
Rick O'Reilly is caught stealing 2nd base 2-6
0-1: Ground out 6-3 (Groundball, 6S, EV 64.4 MPH)
Top of the 1st over - 0 runs, 0 hits, 0 errors, 0 left on base; Albuquerque 0 - Syracuse 0
BOTTOM OF THE 1ST
Syracuse Chiefs batting - Pitching for Albuquerque Isotopes : RHP Victor Munoz
Pitching: RHP Victor Munoz
Batting: LHB Dillon Gonzalez 0-0: Swinging Strike
0-1: Ball
1-1: Ball
2-1: Ball
3-1: Ground out 5-3 (Groundball, 56S, EV 90.0 MPH)
Batting: LHB Sidney Pedder 0-0: Ball
1-0: Fly out, F8 (Flyball, 8LD, EV 94.4 MPH)
Batting: SHB Alex Ethridge 0-0: Ball
1-0: Fly out, F7 (Flyball, 7LS, EV 94.4 MPH)
Bottom of the 1st over - 0 runs, 0 hits, 0 errors, 0 left on base; Albuquerque 0 - Syracuse 0
TOP OF THE 2ND
Albuquerque Isotopes batting - Pitching for Syracuse Chiefs : LHP Brian Walters
Batting: RHB Ben Alspach 0-0: Called Strike
0-1: Swinging Strike
0-2: Ball
1-2: Strikes out swinging, 2-3 out at first.
Batting: RHB Tim Lively 0-0: Ball
1-0: Ball
2-0: Foul Ball, location: 2F
2-1: Foul Ball, location: 2F
2-2: Ball
3-2: Foul Ball, location: 2F
3-2: Strikes out swinging
Batting: SHB Pat Wilson 0-0: Ball
1-0: Ball
2-0: Ball
3-0: Called Strike
3-1: DOUBLE (Line Drive, 78D, EV 108.1 MPH)
Batting: LHB Chris Moody 0-0: Ball
1-0: Ball
2-0: Ball
3-0: Called Strike
3-1: Foul Ball, location: 2F
3-2: Base on Balls
Batting: RHB Ben Campbell 0-0: Called Strike
0-1: Swinging Strike
0-2: Foul Ball, location: 2F
0-2: Ball
1-2: Foul Ball, location: 2F
1-2: Strikes out swinging
Top of the 2nd over - 0 runs, 1 hit, 0 errors, 2 left on base; Albuquerque 0 - Syracuse 0
BOTTOM OF THE 2ND
Syracuse Chiefs batting - Pitching for Albuquerque Isotopes : RHP Victor Munoz
Batting: LHB Dana McDonald 0-0: Ball
1-0: Foul Ball, location: 2F
1-1: Ball
2-1: Swinging Strike
2-2: Foul Ball, location: 2F
2-2: Foul Ball, location: 2F
2-2: Ball
3-2: Foul Ball, location: 2F
3-2: Foul Ball, location: 2F
3-2: Base on Balls
Batting: RHB Luis Ramos 0-0: Ball
1-0: Called Strike
Dana McDonald is caught stealing 2nd base 2-4
1-1: Foul Ball, location: 2F
1-2: Ball
2-2: Foul Ball, location: 2F
2-2: Ball
3-2: Strikes out swinging
Batting: LHB Raul Rojas 0-0: SINGLE (Groundball, 4M, EV 95.0 MPH)
Batting: RHB Ben Welt 0-0: Ball
1-0: Ball
2-0: SINGLE (Line Drive, 9LS, EV 105.0 MPH)
Raul Rojas to second
Batting: RHB Rene Montoya 0-0: Called Strike
0-1: Ball
1-1: Ball
2-1: Ground out U3 (Groundball, 3L, EV 89.4 MPH)
Bottom of the 2nd over - 0 runs, 2 hits, 0 errors, 2 left on base; Albuquerque 0 - Syracuse 0
TOP OF THE 3RD
Albuquerque Isotopes batting - Pitching for Syracuse Chiefs : LHP Brian Walters
Batting: LHB Justin Wenzel 0-0: Ball
1-0: Ground out U3 (Groundball, 3L, EV 83.1 MPH)
Batting: RHB Ryan Taylor 0-0: Swinging Strike
0-1: Ball
1-1: Foul Ball, location: 2F
1-2: Strikes out swinging
Batting: RHB Rick O'Reilly 0-0: Ball
1-0: Ball
2-0: Ball
3-0: Base on Balls
Batting: LHB Mike Staley 0-0: Ball
1-0: SINGLE (Line Drive, 34D, EV 105.6 MPH)
Rick O'Reilly to second
Runner from 2nd tries for 3rd, SAFE, throw by RF made to third
Batting: RHB Ben Alspach 0-0: Ball
1-0: SINGLE (Flyball, 34D, EV 90.0 MPH)
Rick O'Reilly scores
Mike Staley to second
Runner from 2nd tries for 3rd, SAFE, no throw by RF
Batting: RHB Tim Lively 0-0: Ball
1-0: Swinging Strike
1-1: Ball
2-1: Ball
3-1: Fly out, F9 (Flyball, 9D, EV 86.9 MPH)
Top of the 3rd over - 1 run, 2 hits, 0 errors, 2 left on base; Albuquerque 1 - Syracuse 0
BOTTOM OF THE 3RD
Syracuse Chiefs batting - Pitching for Albuquerque Isotopes : RHP Victor Munoz
Batting: RHB Ryan Short 0-0: Ball
1-0: Called Strike
1-1: Foul Ball, location: 2F
1-2: Foul Ball, location: 2F
1-2: Ground out 6-3 (Groundball, 6, EV 81.3 MPH)
Batting: LHB Dillon Gonzalez 0-0: Ball
1-0: Called Strike
1-1: Fly out, F7 (Flyball, 7, EV 88.1 MPH)
Batting: LHB Sidney Pedder 0-0: Ball
1-0: Called Strike
1-1: Foul Ball, location: 2F
1-2: Strikes out swinging
Bottom of the 3rd over - 0 runs, 0 hits, 0 errors, 0 left on base; Albuquerque 1 - Syracuse 0
TOP OF THE 4TH
Albuquerque Isotopes batting - Pitching for Syracuse Chiefs : LHP Brian Walters
Batting: SHB Pat Wilson 0-0: Called Strike
0-1: Ground out 4-3 (Groundball, 4, EV 80.6 MPH)
Batting: LHB Chris Moody 0-0: Foul Ball, location: 2F
0-1: Fly out, F8 (Flyball, 8RM, EV 79.4 MPH)
Batting: RHB Ben Campbell 0-0: Foul Ball, location: 2F
0-1: Fly out, F9 (Flyball, 9LS, EV 86.3 MPH)
Top of the 4th over - 0 runs, 0 hits, 0 errors, 0 left on base; Albuquerque 1 - Syracuse 0
BOTTOM OF THE 4TH
Syracuse Chiefs batting - Pitching for Albuquerque Isotopes : RHP Victor Munoz
Batting: SHB Alex Ethridge 0-0: Called Strike
0-1: Ground out 5-3 (Groundball, 56, EV 85.0 MPH)
Batting: LHB Dana McDonald 0-0: Called Strike
0-1: Ball
1-1: Foul Ball, location: 2F
1-2: Ground out 3-1 (Groundball, 13, EV 85.6 MPH)
Batting: RHB Luis Ramos 0-0: Ball
1-0: Ball
2-0: Fly out, F3 (Flyball, 3D, EV 75.6 MPH)
Bottom of the 4th over - 0 runs, 0 hits, 0 errors, 0 left on base; Albuquerque 1 - Syracuse 0
TOP OF THE 5TH
Albuquerque Isotopes batting - Pitching for Syracuse Chiefs : LHP Brian Walters
Batting: LHB Justin Wenzel 0-0: DOUBLE (Groundball, 5L, EV 95.6 MPH)
Batting: RHB Ryan Taylor 0-0: Swinging Strike
0-1: Ball
1-1: Foul Ball, location: 2F
1-2: Strikes out swinging
Batting: RHB Rick O'Reilly 0-0: Ball
Wild Pitch!
Justin Wenzel to third
1-0: Foul Ball, location: 2F
1-1: Fly out, F7 (Flyball, 78D, EV 98.1 MPH)
Runner from 3rd tags up, SCORES, throw by LF
Batting: LHB Mike Staley 0-0: Foul Ball, location: 2F
0-1: Ball
1-1: SINGLE (Line Drive, 78S, EV 95.0 MPH)
Batting: RHB Ben Alspach 0-0: Ball
1-0: Ball
Wild Pitch!
Mike Staley to second
2-0: Foul Ball, location: 2F
2-1: Called Strike
2-2: Ball
3-2: Foul Ball, location: 2F
3-2: Strikes out looking
Top of the 5th over - 1 run, 2 hits, 0 errors, 1 left on base; Albuquerque 2 - Syracuse 0
BOTTOM OF THE 5TH
Syracuse Chiefs batting - Pitching for Albuquerque Isotopes : RHP Victor Munoz
Batting: LHB Raul Rojas 0-0: Ball
1-0: Ball
2-0: Fly out, F9 (Line Drive, 9, EV 94.4 MPH)
Batting: RHB Ben Welt 0-0: Swinging Strike
0-1: Swinging Strike
0-2: Ball
1-2: Strikes out swinging
Batting: RHB Rene Montoya 0-0: Called Strike
0-1: Ball
1-1: Ball
2-1: Ball
3-1: SOLO HOME RUN (Flyball, 7D, EV 96.3 MPH), Distance : 355 ft
Batting: RHB Ryan Short 0-0: Ball
1-0: Ball
2-0: Ball
3-0: Called Strike
3-1: Foul Ball, location: 2F
3-2: Ground out 6-3 (Groundball, 6M, EV 79.4 MPH)
Bottom of the 5th over - 1 run, 1 hit, 0 errors, 0 left on base; Albuquerque 2 - Syracuse 1
TOP OF THE 6TH
Albuquerque Isotopes batting - Pitching for Syracuse Chiefs : LHP Brian Walters
Batting: RHB Tim Lively 0-0: Called Strike
0-1: Fly out, F4 (Popup, 3D, EV 65.6 MPH)
Batting: SHB Pat Wilson 0-0: Ball
1-0: Foul Ball, location: 2F
1-1: Foul Ball, location: 2F
1-2: Ball
2-2: Foul Ball, location: 2F
2-2: Ball
3-2: Foul Ball, location: 2F
3-2: Base on Balls
Batting: LHB Chris Moody 0-0: Called Strike
0-1: Ball
1-1: Foul Ball, location: 2F
1-2: Strikes out looking
Batting: RHB Ben Campbell 0-0: Called Strike
0-1: Ball
Pat Wilson is caught stealing 2nd base 2-4
Top of the 6th over - 0 runs, 0 hits, 0 errors, 0 left on base; Albuquerque 2 - Syracuse 1
BOTTOM OF THE 6TH
Syracuse Chiefs batting - Pitching for Albuquerque Isotopes : RHP Victor Munoz
Batting: LHB Dillon Gonzalez 0-0: Called Strike
0-1: Foul Ball, location: 2F
0-2: Strikes out swinging
Batting: LHB Sidney Pedder 0-0: Swinging Strike
0-1: Ball
1-1: Called Strike
1-2: Foul Ball, location: 2F
1-2: Ball
2-2: Foul Ball, location: 2F
2-2: SINGLE (Groundball, 6MD, EV 104.4 MPH)
Pitching: LHP Jason Zaugg
Batting: SHB Alex Ethridge 0-0: Ball
1-0: Foul Ball, location: 2F
1-1: Ball
2-1: Swinging Strike
2-2: Foul Ball, location: 2F
2-2: Ground out U3 (Groundball, 3S, EV 63.1 MPH)
Sidney Pedder to second
Batting: LHB Dana McDonald 0-0: Ground out 6-3 (Groundball, 6, EV 78.8 MPH)
Bottom of the 6th over - 0 runs, 1 hit, 0 errors, 1 left on base; Albuquerque 2 - Syracuse 1
TOP OF THE 7TH
Albuquerque Isotopes batting - Pitching for Syracuse Chiefs : LHP Brian Walters
Batting: RHB Ben Campbell 0-0: Ball
1-0: Called Strike
1-1: SINGLE (Groundball, 4M, EV 101.9 MPH) (infield hit)
Pitching: LHP Jake Richards
Batting: LHB Justin Wenzel 0-0: Ball
1-0: Bunt missed!
1-1: Sac Bunt to 15 - play at first, batter OUT! 1-4
Ben Campbell to second
Batting: RHB Ryan Taylor 0-0: Fly out, F8 (Flyball, 8LXD, EV 101.9 MPH)
Runner from 2nd tags up, SAFE at 3rd, no throw by CF
Batting: RHB Rick O'Reilly 0-0: Foul Ball, location: 2F
0-1: Ball
1-1: Called Strike
1-2: Strikes out swinging
Top of the 7th over - 0 runs, 1 hit, 0 errors, 1 left on base; Albuquerque 2 - Syracuse 1
BOTTOM OF THE 7TH
Syracuse Chiefs batting - Pitching for Albuquerque Isotopes : LHP Jason Zaugg
Batting: RHB Luis Ramos 0-0: DOUBLE (Flyball, 78XD, EV 111.3 MPH)
Batting: LHB Raul Rojas 0-0: Called Strike
0-1: Ball
1-1: Called Strike
1-2: Ball
2-2: Foul Ball, location: 2F
2-2: Ground out 6-3 (Groundball, 6, EV 88.1 MPH)
Luis Ramos to third
Batting: RHB Ben Welt 0-0: Called Strike
0-1: Foul Ball, location: 2F
0-2: Ball
1-2: Ball
2-2: Foul Ball, location: 2F
2-2: Strikes out swinging
Batting: RHB Rene Montoya 0-0: Called Strike
0-1: Ground out 3-1 (Groundball, 34, EV 109.4 MPH)
Bottom of the 7th over - 0 runs, 1 hit, 0 errors, 1 left on base; Albuquerque 2 - Syracuse 1
TOP OF THE 8TH
Albuquerque Isotopes batting - Pitching for Syracuse Chiefs : LHP Jake Richards
Batting: LHB Mike Staley 0-0: Swinging Strike
0-1: SINGLE (Groundball, 6MD, EV 95.0 MPH)
Batting: RHB Ben Alspach 0-0: Swinging Strike
0-1: Ball
1-1: Ball
2-1: Ball
3-1: Fielders Choice at 2nd, 4-6 (Groundball, 34, EV 83.1 MPH)
Batting: RHB Tim Lively 0-0: Called Strike
0-1: Ball
1-1: Ball
2-1: Foul Ball, location: 2F
2-2: Foul Ball, location: 2F
2-2: Foul Ball, location: 2F
2-2: Foul Ball, location: 2F
2-2: Strikes out swinging
Batting: SHB Pat Wilson 0-0: Fly out, F3 (Popup, 13, EV 78.1 MPH)
Top of the 8th over - 0 runs, 1 hit, 0 errors, 1 left on base; Albuquerque 2 - Syracuse 1
BOTTOM OF THE 8TH
Syracuse Chiefs batting - Pitching for Albuquerque Isotopes : LHP Jason Zaugg
Pitching: LHP Drew Huckeba
Batting: RHB Ryan Short 0-0: Ball
1-0: Ball
2-0: Ball
3-0: Called Strike
3-1: Base on Balls
Batting: LHB Dillon Gonzalez 0-0: Bunt missed!
0-1: Bunted foul
0-2: Ball
1-2: Ball
2-2: Foul Ball, location: 2F
2-2: Ball
3-2: Foul Ball, location: 2F
3-2: Fly out, F6 (Flyball, 56D, EV 90.0 MPH)
Batting: LHB Sidney Pedder 0-0: Ball
1-0: Called Strike
1-1: Ball
2-1: Swinging Strike
2-2: Ball
3-2: Strikes out swinging
Batting: SHB Alex Ethridge 0-0: Ball
1-0: Swinging Strike
1-1: Ball
2-1: SINGLE (Groundball, 56S, EV 95.0 MPH)
Ryan Short to second
Pinch Hitting: SHB Tanner Bernstein 0-0: Ball
1-0: Swinging Strike
1-1: Ball
2-1: Ball
3-1: Swinging Strike
3-2: Foul Ball, location: 2F
3-2: 3-RUN HOME RUN (Flyball, 7D, EV 98.1 MPH), Distance : 371 ft
Pitching: RHP Mike Myers
Batting: RHB Luis Ramos 0-0: Foul Ball, location: 2F
0-1: Ball
1-1: Swinging Strike
1-2: Ball
2-2: Ball
3-2: DOUBLE (Flyball, 8LXD, EV 98.8 MPH)
Batting: LHB Raul Rojas 0-0: Ground out 4-3 (Groundball, 4, EV 86.3 MPH)
Bottom of the 8th over - 3 runs, 3 hits, 0 errors, 1 left on base; Albuquerque 2 - Syracuse 4
TOP OF THE 9TH
Albuquerque Isotopes batting - Pitching for Syracuse Chiefs : LHP Jake Richards
Pitching: RHP Kyle Bradley
Now at 3B: Ryota Tenno
Batting: LHB Chris Moody 0-0: Ball
1-0: Ball
2-0: Ground out 4-3 (Groundball, 4D, EV 83.8 MPH)
Batting: RHB Ben Campbell 0-0: Ball
1-0: Ball
2-0: Foul Ball, location: 2F
2-1: Swinging Strike
2-2: Strikes out looking
Batting: LHB Justin Wenzel 0-0: Ground out U3 (Groundball, 23, EV 88.1 MPH)
Top of the 9th over - 0 runs, 0 hits, 0 errors, 0 left on base; Albuquerque 2 - Syracuse 4
Tuesday, March 28th , 2023 - OOTP Baseball 23.10 Build 110